Unix NetHack Version 5.0.0-0 post-release - last build Jun 10 2026 00:39:30 (3ee93aec679c4c4259841fe613dc97188e26a321,branch:main).

Game began 2026-07-04 14:51:43, ended 2026-07-04 15:38:28.

Eymerich, chaotic male elven Priest

                                               ---------
                          ---------            |.......|
        -------           |.......|          ##....F...|
        |.....|           |.......|###       # |.......|
        |..0..-###########|........#         # ---.-----
        |.....|          #........|          #    ##
        |.....-#         #---.-----          #     #           --------
        ----.--#         ##############      #     #           |....[(|
          ###  ##        #        ### ####   #     ###         |....(.|
          #     #        #          ###      #       #         |......|
          #     #        #      ------.------#       ###       |((....|
        ###     #        #      |....%.......#         #       |......|
        #       #        #      |...........|          ##     #-.(.(..|
   ######       #  ------#      |...........|       ----.-  ###--------
  ##            #  |....|#      |...........|       |....|  #
 -.------------ #  |....|#      -------------       |.<.`@af#
 |............| ###......#                          |^...|
 |>...........|    |.^..|                           ------
 --------------    ------

Eymerich the Acolyte         St:13 Dx:12 Co:14 In:12 Wi:19 Ch:9  Chaotic
Dlvl:2  $:40 HP:0(23) Pw:38(38) AC:7  Xp:3 T:2184  Hungry  

Latest messages:
 You miss the gecko.
 You kill the gecko!
 You see here a gecko corpse.
 Puffa picks up a figurine of a chameleon.
 Puffa drops a figurine of a chameleon.
 Puffa picks up a figurine of a chameleon.
 Puffa drops a figurine of a chameleon.
 There is a gecko corpse here; eat it? [ynq] (n)
 This gecko corpse is stringy.
 You finish eating the gecko corpse.
 "Hello, Eymerich!  Welcome again to Rebrol-nek's hardware store!"
 There is an open door here.
 You see here a figurine of a chameleon.
 You are beginning to feel hungry.
 L - a figurine of a chameleon.
 There's some graffiti on the floor here.
 You read: "Th?y s?y that if you play lik? a nons er you ll havc a |e? er g??e."
 There's some graffiti on the floor here.
 You read: "Th?y s?y that if you play lik? a nons er you ll havc a |e? er g??e."
 What do you want to use or apply? [iACFH-LZ or ?*]
 In what direction?
 You set the figurine beside you and it transforms.
 You get a bad feeling about this.
 Are you waiting to get hit?  Use 'm' prefix to force a no-op (to rest).
 A fire ant appears!
 Puffa misses the fire ant.
 Are you waiting to get hit?  Use 'm' prefix to force a no-op (to rest).
 The fire ant misses!
 The fire ant bites!
 You avoid harm.
 Puffa misses the fire ant.
 You hit the fire ant!
 The fire ant bites!
 The fire ant bites again!
 You're on fire!
 Puffa misses the fire ant.
 You miss the fire ant.
 The fire ant bites!
 The fire ant bites again!
 You're on fire!
 Puffa misses the fire ant.
 Puffa misses the fire ant.
 You miss the fire ant.
 The fire ant bites!
 You die...
 Do you want your possessions identified? [ynq] (y)
 Do you want to see your attributes? [ynq] (y)
 Do you want an account of creatures vanquished? [ynaq] (y)
 Do you want to see your conduct and achievements? [ynq] (y)
 Do you want to see the dungeon overview? [ynq] (y)

Inventory:
 Coins    ('$')
  $ - 40 gold pieces
 Weapons  (')')
  u - 42 +0 darts
  R - a +0 orcish dagger
  a - a blessed +1 mace (weapon in right hand)
 Armor    ('[')
  c - a +0 small shield (being worn)
  b - a +0 robe (being worn)
 Comestibles  ('%')
  e - a clove of garlic
  G - a food ration
  f - 2 sprigs of wolfsbane
  j - 4 lichen corpses
 Scrolls  ('?')
  P - a scroll of confuse monster
  w - a scroll of create monster
  k - a scroll of enchant weapon
  W - a scroll of light
 Potions  ('!')
  t - a blessed potion of healing
  q - 2 potions of healing
  Q - a potion of healing
  Y - a potion of monster detection
  d - a potion of holy water
 Rings    ('=')
  M - a ring of free action
 Wands    ('/')
  i - a wand of cancellation (0:8)
  Z - a wand of cold (0:7)
  C - a wand of slow monster (0:4)
  I - a wand of stasis (0:5)
 Tools    ('(')
  H - an empty bag of holding
  K - a tooled horn
  F - a blindfold
  J - an expensive camera (0:32)
  A - a skeleton key
 Gems/Stones  ('*')
  m - 2 worthless pieces of orange glass named soft
  O - a worthless piece of violet glass named soft
  T - 8 rocks

Eymerich the Priest's attributes:

Background:
 You were an Acolyte, a level 3 elven Priest.
 You were chaotic, on a mission for Kos
 who was opposed by Issek (lawful) and Mog (neutral).
 You were right-handed.
 You were in the Dungeons of Doom, on level 2.
 You entered the dungeon 2184 turns ago.
 You had 70 experience points, 10 more were needed to attain level 4.

Basics:
 You had 0 out of 23 hit points.
 You had all 38 energy points (spell power).
 Your armor class was 7.
 Your wallet contained 40 zorkmids.
 Autopickup was off.

Final Characteristics:
 Your strength was 13 (limit:18).
 Your dexterity was 12 (limit:18).
 Your constitution was 14 (limit:16).
 Your intelligence was 12 (limit:20).
 Your wisdom was 19 (limit:20).
 Your charisma was 9 (limit:18).

Final Status:
 You were hungry.
 You were unencumbered.
 You were wielding a mace.
 You had basic skill with mace.

Final Attributes:
 You were piously aligned.
 You had infravision.
 You were guarded.
 Your spell casting was enhanced by wearing a robe.
 You are dead.

Miscellaneous:
 You didn't encounter any bones levels.
 Total elapsed playing time was 46 minutes and 44 seconds.

Major events:
 Turn
    1: Eymerich the chaotic elven Priest entered the dungeon
 1729: attained the rank of Acolyte (level 3)
 2184: killed by a chameleon imitating a fire ant

Spells:
 Name                 Level Category     Fail Retention
 light                  1   clerical       0%   81%-90%
 detect monsters        1   divination     0%  76%-100%

Skills:
 Fighting Skills
   bare handed combat [Unskilled]
 Weapon Skills
   club               [Unskilled]
   mace               [Basic]
   morning star       [Unskilled]
   flail              [Unskilled]
   hammer             [Unskilled]
   quarterstaff       [Unskilled]
   polearms           [Unskilled]
   spear              [Unskilled]
   trident            [Unskilled]
   lance              [Unskilled]
   bow                [Unskilled]
   sling              [Unskilled]
   crossbow           [Unskilled]
   dart               [Unskilled]
   shuriken           [Unskilled]
   boomerang          [Unskilled]
   unicorn horn       [Unskilled]
 Spellcasting Skills
   healing spells     [Unskilled]
   divination spells  [Unskilled]
   clerical spells    [Basic]

Voluntary challenges:
 Character rerolling was not enabled.
 You were illiterate.
 You never genocided any monsters.
 You never polymorphed an object.
 You never changed form.
 You used no wishes.
Achievements:
 You entered a shop.
 You attained the rank of Acolyte.

 The Dungeons of Doom: levels 1 to 4
    Level 1:
    Level 2: <- You were here.
       A tool shop.
       Final resting place for
          you, killed by a chameleon imitating a fire ant.
    Level 3:
       A general store, an altar.
    Level 4:


Vanquished creatures:
  a wererat
  4 giant rats
  a yellow mold
  a gecko
  2 jackals
  2 kobolds
  a goblin
  5 sewer rats
  3 grid bugs
  a bat
  6 lichens
  2 kobold zombies
  5 newts
34 creatures vanquished.

No species were genocided or became extinct.

Game over:
                       ----------
                      /          \
                     /    REST    \
                    /      IN      \
                   /     PEACE      \
                  /                  \
                  |     Eymerich     |
                  |      40 Au       |
                  |   killed by a    |
                  |    chameleon     |
                  | imitating a fire |
                  |       ant        |
                  |       2026       |
                 *|     *  *  *      | *
        _________)/\\_//(\/(/\)/\//\/|_)_______

Goodbye Eymerich the Priest...

You died in The Dungeons of Doom on dungeon level 2 with 476 points,
and 40 pieces of gold, after 2184 moves.
You were level 3 with a maximum of 23 hit points when you died.

